 Dungeon Crawl Stone Soup version 0.21-a0-405-gf2af9a1 (webtiles) character file.

164 doMalho the Chiller (level 5, 0/37 HPs)
             Began as a Demonspawn Ice Elementalist on Nov 1, 2017.
             Was an Initiate of Qazlal.
             Slain by an orc wizard
             ... wielding a +0 dagger
              (1 damage)
             ... on level 4 of the Dungeon.
             The game lasted 00:18:15 (4068 turns).

doMalho the Chiller (Demonspawn Ice Elementalist)   Turns: 4068, Time: 00:18:16

Health: 0/37       AC:  4    Str:  9    XL:     5   Next: 21%
Magic:  0/8        EV: 12    Int: 17    God:    Qazlal [......]
Gold:   216        SH:  0    Dex: 13    Spells: 3/9 levels left

rFire    . . .     SeeInvis .   k - +1 short sword (drain)
rCold    . . .     Gourm    .   (no shield)
rNeg     . . .     Faith    .   a - +0 robe
rPois    .         Spirit   +   r - +0 hat
rElec    .         Reflect  .   (no cloak)
rCorr    .         Harm     .   (no gloves)
MR       .....                  (no boots)
Stlth    ++........             (no amulet)
HPRegen  0.12/turn              (no ring)
MPRegen  0.11/turn              (no ring)

@: no status effects
A: hooves 1, slimy green scales 1, magic shield
a: Renounce Religion


You were on level 4 of the Dungeon.
You worshipped Qazlal.
Qazlal was noncommittal.
You were not hungry.

You visited 2 branches of the dungeon, and saw 5 of its levels.

You collected 216 gold pieces.

Inventory:

Hand Weapons
 d - a +1 dagger of freezing
 k - a +1 short sword of draining (weapon)
Missiles
 E - a tomahawk (quivered)
Armour
 a - a +0 robe (worn)
 r - a +0 hat (worn)
Jewellery
 q - a +3 ring of protection {unknown}
Wands
 t - a wand of confusion (32/48)
 G - a wand of disintegration (0/24)
Scrolls
 e - 2 scrolls of teleportation {unknown}
 f - 3 scrolls of enchant armour {unknown}
 i - 2 scrolls of enchant weapon {unknown}
 j - a scroll of blinking {unknown}
 l - 3 scrolls of remove curse {unknown}
 s - a scroll of recharging {unknown}
 w - 3 scrolls of identify {unknown}
 x - a scroll of magic mapping {unknown}
 y - 3 scrolls of random uselessness {unknown}
 F - 2 scrolls of fog {unknown}
Potions
 n - a potion of cancellation {unknown}
 p - 2 potions of agility {unknown}
 u - a potion of magic {unknown}
 v - 2 potions of flight {unknown}
 z - 3 potions of berserk rage {unknown}
 A - a potion of mutation {unknown}
 B - a potion of invisibility {unknown}
 C - 2 potions of curing {unknown}
 D - a potion of haste {unknown}
Books
 b - a book of Frost

   Spells                             Type                      Level
   a - Freeze                         Ice                          1
   b - Throw Frost                    Conjuration/Ice              2
   c - Ozocubu's Armour               Charms/Ice                   3
   d - Throw Icicle                   Conjuration/Ice              4
   e - Summon Ice Beast               Ice/Summoning                4
Comestibles
 c - 5 bread rations
 g - 4 fruits
 m - a meat ration
 o - a royal jelly


   Skills:
 + Level 1.0 Fighting
 + Level 1.3 Short Blades
 + Level 2.1 Dodging
 + Level 2.4 Stealth
 + Level 2.6 Spellcasting
 + Level 1.2 Conjurations
 + Level 4.0 Ice Magic


You had 3 spell levels left.
You knew the following spells:

 Your Spells              Type           Power        Failure   Level  Hunger
a - Freeze                Ice            ###.         3%          1    #......
b - Throw Frost           Conj/Ice       ##....       10%         2    ##.....
c - Ozocubu's Armour      Chrm/Ice       #.......     24%         3    ###....


Dungeon Overview and Level Annotations

Branches:
Dungeon (4/15)             Temple (1/1) D:4

Altars:
Ashenzari
Dithmenos
Elyvilon
Fedhas
Gozag
Kikubaaqudgha
Nemelex Xobeh
Okawaru
Qazlal
Ru
Sif Muna
Trog
Yredelemnul
Zin


Innate Abilities, Weirdness & Mutations

You have large cloven feet.
You are partially covered in slimy green scales. (AC +2)
When hurt, damage is shared between your health and your magic reserves.


Message History

The jackal bites you but does no damage.
The jackal misses you. The jackal bites you.
* * * LOW HITPOINT WARNING * * *
The jackal closely misses you. The jackal completely misses you.
The phantom closely misses you. The jackal bites you.
* * * LOW HITPOINT WARNING * * *
The jackal closely misses you.
The orc wizard shouts!
The orc wizard gestures at you while chanting.
The magic dart hits you!
* * * LOW HITPOINT WARNING * * *
The orc wizard mumbles some strange words.
The orc wizard blinks!
The jackal barely misses you. The orc wizard hits you with a dagger.
* * * LOW HITPOINT WARNING * * *
The orc wizard hits you with a dagger.
You die...

.##### #..#........#
.....# #.W#........#
.##..# #..#........#
###..# #####..#........#
.##..###..##..#........#
.......#...'..#........#
.##....'...#..#hW......#
###...###'###'#oh......#
.##.W.#.......).@......#
.#....#.........>......#
.#....#................#
.####'.................#
## #...#######.....[..#
#....# #..'........#
#.....# #)..#........#
#....## #...#........#
#....## #.. #........#


You could see a phantom, an orc wizard and 2 jackals.

Vanquished Creatures
  A hound (D:4)
  7 adders
  An ooze (D:4)
  2 worms (D:3)
  3 leopard geckos
  2 orcs (D:4)
  2 ball pythons
  3 giant cockroaches
  5 goblins
  7 hobgoblins
  5 jackals
  2 quokkas
  5 bats
  6 frilled lizards
  A kobold (D:2)
  A quokka skeleton (D:4)
  9 rats
62 creatures vanquished.

Vanquished Creatures (others)
  An orc priest (D:4)
  An orc (D:4)
2 creatures vanquished.

Grand Total: 64 creatures vanquished

Notes
Turn   | Place    | Note
-------+----------+-------------------------------------------
     0 | D:1      | doMalho the Demonspawn Ice Elementalist began the quest for the Orb.
     0 | D:1      | Reached XP level 1. HP: 13/13 MP: 3/3
   192 | D:1      | Reached skill level 3 in Ice Magic
   791 | D:1      | Gained mutation: You are partially covered in slimy green scales. (AC +2) [demonic ancestry]
   791 | D:1      | Reached XP level 2. HP: 19/19 MP: 5/5
   795 | D:1      | Learned a level 2 spell: Throw Frost
  1367 | D:2      | Gained mutation: When hurt, damage is shared between your health and your magic reserves. [demonic ancestry]
  1367 | D:2      | Reached XP level 3. HP: 23/24 MP: 1/6
  1443 | D:2      | Found a sparkling altar of Nemelex Xobeh.
  1482 | D:2      | Found a shadowy altar of Dithmenos.
  1516 | D:2      | Found an iron altar of Okawaru.
  1898 | D:3      | Reached XP level 4. HP: 31/31 MP: 0/7
  1930 | D:3      | Reached skill level 1 in Short Blades
  2129 | D:3      | Found a white marble altar of Elyvilon.
  2850 | D:4      | Noticed a phantom
  3239 | D:4      | Reached skill level 1 in Fighting
  3239 | D:4      | Reached skill level 4 in Ice Magic
  3239 | D:4      | Gained mutation: You have large cloven feet. [demonic ancestry]
  3239 | D:4      | Reached XP level 5. HP: 30/37 MP: 0/8
  3310 | D:4      | Learned a level 3 spell: Ozocubu's Armour
  3368 | D:4      | Found a staircase to the Ecumenical Temple.
  3384 | Temple   | Entered the Ecumenical Temple
  3584 | Temple   | Became a worshipper of Qazlal Stormbringer
  4067 | D:4      | HP: 1/37 [orc wizard/dagger (4)]
  4068 | D:4      | Slain by an orc wizard

Vault maps used:
D:1:      ncdulo_lavacross
D:2:      lemuel_round_altar, lemuel_doored_altar, nemelex_diamond_rough_becter
D:3:      overflow_temple_1_default, first_bread
D:4:      xom_confusion_cloud, nicolae_tso_carved_into_rock, temple_green
Temple:   minmay_temple_curvy_loop

Skill      XL: |  1  2  3  4 |
---------------+-------------+-----
Ice Magic      | 3 4 |  4.0
Stealth        | 2 |  2.4
Short Blades   | 1 |  1.3
Dodging        | 2 |  2.1
Fighting       | 1 |  1.0
Spellcasting   | |  2.6
Conjurations   | |  1.2

Action                   |  1- 3 |  4- 6 || total
-------------------------+-------+-------++-------
Melee: Dagger            |    25 |       ||    25
       Short sword       |    32 |    75 ||   107
       Kick              |       |     4 ||     4
Throw: Tomahawk          |       |     6 ||     6
 Cast: Freeze            |    18 |    30 ||    48
       Throw Frost       |    12 |    14 ||    26
Evoke: Wand              |       |     6 ||     6
 Stab: Sleeping          |     3 |     3 ||     6
  Eat: Chunk             |     4 |     8 ||    12
Armor: Robe              |    13 |    24 ||    37
Dodge: Dodged            |    39 |    74 ||   113

Table legend:
 A = Spawn XP
 B = Non-spawn XP
 C = Spawn XP percentage of total XP
 D = Spawn monster count
 E = Non-spawn monster count
 F = Spawn count percentage of total count
 G = Total turns spent on level
                    A         B        C        D         E        F      G
               +---------+---------+-------+---------+---------+-------+---------
         Total |       0 |     235 |   0.0 |       0 |      62 |   0.0 |  4068
               +---------+---------+-------+---------+---------+-------+---------
           D:1 |       0 |      32 |   0.0 |       0 |      20 |   0.0 |  1273
           D:2 |       0 |      59 |   0.0 |       0 |      15 |   0.0 |   603
           D:3 |       0 |      55 |   0.0 |       0 |      16 |   0.0 |   772
           D:4 |       0 |      89 |   0.0 |       0 |      11 |   0.0 |  1141
               +---------+---------+-------+---------+---------+-------+---------
